 Dungeon Crawl Stone Soup version 0.27.1-35-g4d5d836560 (webtiles) character file.

Game seed: 17597919892842366119

0 cbfl8 the Sneak (level 1, -2/19 HPs)
             Began as a Minotaur Delver on Mar 14, 2022.
             Slain by a bullfrog skeleton (5 damage)
             ... on level 4 of the Dungeon.
             The game lasted 00:00:33 (49 turns).

cbfl8 the Sneak (Minotaur Delver)                     Turns: 49, Time: 00:00:33

Health: -2/19      AC:  3    Str: 16    XL:     1   Next: 0%
Magic:  0/0        EV: 11    Int:  7    God:
Gold:   0          SH:  0    Dex: 11    Spells: 0/0 levels left

rFire    . . .     SeeInvis .   a - +0 hand axe
rCold    . . .     Faith    .   (no shield)
rNeg     . . .     Spirit   .   b - +0 leather armour
rPois    .         Reflect  .   (helmet restricted)
rElec    .         Harm     .   (no cloak)
rCorr    .         Rampage  .   (no gloves)
Will     .....                  (no boots)
Stlth    ++........             (no amulet)
HPRegen  0.06/turn              (no ring)
MPRegen  0.07/turn              (no ring)

@: no status effects
A: horns 2, retaliatory headbutt
a: no special abilities


You were on level 4 of the Dungeon.
You visited 1 branch of the dungeon, and saw 2 of its levels.

Inventory:

Hand Weapons
 a - a +0 hand axe (weapon)
Armour
 b - a +0 leather armour (worn)
Wands
 g - a wand of digging (3)
Scrolls
 c - a scroll of fog
 e - a scroll of fear
Potions
 f - a potion of haste


   Skills:
 + Level 3.6 Fighting
 + Level 2.4 Axes
 + Level 2.1 Dodging
 + Level 4.1 Stealth


You couldn't memorise any spells.
You didn't know any spells.
Your spell library was empty.

Dungeon Overview and Level Annotations

Branches:
Dungeon (5/15)
 Temple: D:4-7

Altars:

Shops:
D:5 :*


Innate Abilities, Weirdness & Mutations

You have a pair of horns on your head.
You reflexively headbutt those who attack you in melee.


Message History

A hound comes into view.
The hound barks!
There is a stone staircase leading up here.
You climb upwards.
There is a stone staircase leading down here.
A giant cockroach comes into view.
Found a stone staircase leading down.
The bullfrog skeleton hits you.
You completely miss the bullfrog skeleton.
The bullfrog skeleton completely misses you.
The bullfrog skeleton hits you.
You hit the bullfrog skeleton.
The bullfrog skeleton is lightly damaged.
You closely miss the giant cockroach.
The bullfrog skeleton closely misses you.
The giant cockroach bites you but does no damage.
The bullfrog skeleton barely misses you.
You hit the giant cockroach but do no damage.
Your headbutt misses the giant cockroach.
You hit the bullfrog skeleton. The giant cockroach closely misses you.
The bullfrog skeleton hits you.
The giant cockroach bites you but does no damage.
You hit the bullfrog skeleton. You headbutt the bullfrog skeleton.
The bullfrog skeleton is heavily damaged.
You hit the giant cockroach.
The bullfrog skeleton barely misses you.
The giant cockroach barely misses you.
A scorpion comes into view.
The bullfrog skeleton hits you.
You closely miss the giant cockroach.
The giant cockroach is moderately wounded.
You hit the bullfrog skeleton.
The giant cockroach bites you but does no damage.
The bullfrog skeleton hits you.
* * * LOW HITPOINT WARNING * * *
The giant cockroach closely misses you.
You barely miss the giant cockroach. You headbutt the giant cockroach.
You kill the giant cockroach!
You hit the bullfrog skeleton. The bullfrog skeleton hits you.
You die...

.... .###...
##... #.....
. ...#..
........
#....
......#
##...##..#.#
.
..........#
..
##..#.#..#.#
#...>Z#.#..#
#..##@..s.#
##......###
###...##
#.#.# ... .#
.≈..# .#
≈≈.≈.# ..
.≈.§. ..
.≈.≈. #.>


You could see a scorpion and a bullfrog skeleton.

Vanquished Creatures
  A giant cockroach (D:4)
1 creature vanquished.

Notes
Turn   | Place    | Note
-------+----------+-------------------------------------------
     0 | D:5      | cbfl8 the Minotaur Delver began the quest for the Orb.
     0 | D:5      | Reached XP level 1. HP: 19/19 MP: 0/0
     2 | D:5      | Found Qarphusm's Book Boutique.
    21 | D:5      | Found Wuem's General Store.
    34 | D:5      | Noticed a hound
    47 | D:4      | Noticed a scorpion
    49 | D:4      | Slain by a bullfrog skeleton

Illustrated notes

Levels and vault maps discovered:
D:4:      layout_rooms, mainiacjoe_overflow_concentric_impassable, uniq_grinder
D:5:      minmay_recursive_quarters, layout_loops_ring,
          mainiacjoe_overflow_catwalk_spiral, serial_shops, shop, shop,
          shop_fountains, kennysheep_mini, shop, hex_medium

Action                   || total
-------------------------++-------
Melee: Hand axe          ||     6
       Headbutt          ||     2
  Use: Scroll            ||     1
Armor: Leather armour    ||     3
Dodge: Dodged            ||     7
